 Dungeon Crawl Stone Soup version 0.31-a0-1352-gc98d92de7d (webtiles) character file.

Game seed: 7878542268729398264

8192 gohu the Grappler (level 11, -3/101 HPs)
             Began as a Troll Fighter on Dec 22, 2023.
             Was a High Priest of Elyvilon.
             Slain by a ten-headed hydra (4 damage)
             ... on level 1 of the Lair of Beasts.
             The game lasted 00:33:50 (7989 turns).

gohu the Grappler (Troll Fighter)                   Turns: 7989, Time: 00:33:50

Health: -3/101     AC: 18    Str: 30    XL:     11   Next: 6%
Magic:  11/11      EV:  9    Int:  4    God:    Elyvilon [*****.]
Gold:   657        SH:  9    Dex:  9    Spells: 10/10 levels left

rFire   . .          .
                       - Unarmed
rCold   . . .        b - +0 kite shield
rNeg    . . .        H - +0 acid dragon scales
rPois   .            (helmet restricted)
rElec   .            M - +0 cloak
rCorr   +            (gloves unavailable)
SInv    .            (boots unavailable)
Will    .....        (no amulet)
Stlth   +            G - +4 ring of protection
HPRegen 1.16/turn    n - +4 ring of protection
MPRegen 0.12/turn

%: no passive effects
@: no status effects
A: large, unfitting armour, claws 3, regeneration 1, shaggy fur 1, tough skin 1
a: Renounce Religion, Purification, Heal Other, Heal Self, Divine Vigour


You were on level 1 of the Lair of Beasts.
You worshipped Elyvilon.
Elyvilon was extremely pleased with you.
You visited 3 branches of the dungeon, and saw 13 of its levels.

You collected 657 gold pieces.

Inventory:

Hand Weapons
 m - a +0 sling
Missiles
 i - 21 poisoned darts
 B - 2 throwing nets
 F - 3 large rocks
 J - 4 boomerangs (quivered)
Armour
 a - a +0 robe
 b - a +0 kite shield (worn)
 x - a +1 robe of positive energy
 H - +0 acid dragon scales (worn)
 M - a +0 cloak (worn)
 P - a +2 robe of cold resistance
Jewellery
 g - a +4 ring of protection
 k - a ring of magical power
 n - a +4 ring of protection (right claw)
 v - a +5 ring of evasion
 G - a +4 ring of protection (left claw)
 O - a ring of ice
Talismans
 p - a beast talisman
Wands
 y - a wand of digging (18)
 K - a wand of charming (5)
 L - a wand of polymorph (6)
Scrolls
 d - a scroll of noise {unknown}
 o - 5 scrolls of fear {unknown}
 t - 3 scrolls of blinking {unknown}
 u - 2 scrolls of revelation {unknown}
 w - 3 scrolls of teleportation {unknown}
 D - 3 scrolls of immolation {unknown}
 E - a scroll of vulnerability {unknown}
 I - a scroll of amnesia {unknown}
 N - 4 scrolls of brand weapon {unknown}
Potions
 c - 2 potions of might
 e - 3 potions of enlightenment
 f - 4 potions of heal wounds
 h - 2 potions of resistance
 j - a potion of lignification {unknown}
 l - 2 potions of degeneration {unknown}
 q - 10 potions of curing {unknown}
 r - a potion of haste
 s - 3 potions of magic
 z - 3 potions of attraction
 A - a potion of invisibility
 C - a potion of mutation {unknown}


   Skills:
 + Level 4.6 Fighting
 - Level 0.1 Ranged Weapons
 + Level 4.8 Throwing
 + Level 3.7 Armour
 - Level 2.6 Dodging
 + Level 7.1 Shields
 - Level 12.7 Unarmed Combat
 * Level 2.3 Invocations


You had 10 spell levels left.
You didn't know any spells.
Your spell library contained the following spells:

 Spells                   Type           Power      Damage    Failure   Level
 Magic Dart               Conj           0%         1d3       75%         1
 Blink                    Tloc           0%         N/A       87%         2
 Call Imp                 Summ           0%         N/A       87%         2
 Vhi's Electric Charge    Tloc/Air       0%         N/A       100%        4
 Arcjolt                  Conj/Air       0%         1d10      100%        5
 Plasma Beam              Fire/Air       0%         2x1d10    100%        6


Dungeon Overview and Level Annotations

Branches:
Dungeon (11/15)            Temple (1/1) D:5            Lair (1/5) D:9
    Orc: D:9-12

Altars:
Ashenzari
Cheibriados
Dithmenos
Elyvilon
Fedhas
Gozag
Hepliaklqana
Kikubaaqudgha
Makhleb
Nemelex Xobeh
Okawaru
Qazlal
Ru
Trog
Uskayaw
Vehumet
Wu Jian
Xom
Yredelemnul
Zin
The Shining One

Annotations:
D:3 1 runed translucent door, Crazy Yiuf
D:9 Joseph


Innate Abilities, Weirdness & Mutations

You are too large for most types of armour.
You have claws for hands.
Your natural rate of healing is unusually fast.
You are covered in fur. (AC +1)
You have tough skin. (AC +1)


Message History

The nine-headed hydra bites you but does no damage.
The nine-headed hydra barely misses you.
You claw one of the nine-headed hydra's heads off!
The eight-headed hydra grows two more!
You mangle the ten-headed hydra!!
The ten-headed hydra is severely wounded.
The ten-headed hydra bites you.
The ten-headed hydra closely misses you.
The ten-headed hydra bites you.
The ten-headed hydra bites you but does no damage.
The ten-headed hydra bites you.
The ten-headed hydra bites you but does no damage.
The ten-headed hydra bites you. The ten-headed hydra barely misses you.
You block the ten-headed hydra's attack.
The ten-headed hydra bites you but does no damage.
You barely miss the ten-headed hydra.
The ten-headed hydra is severely wounded.
The ten-headed hydra closely misses you.
The ten-headed hydra bites you but does no damage. x2
The ten-headed hydra bites you!
* * * LOW HITPOINT WARNING * * *
The ten-headed hydra bites you but does no damage.
The ten-headed hydra barely misses you.
You block the ten-headed hydra's attack.
The ten-headed hydra bites you!
* * * LOW HITPOINT WARNING * * *
The ten-headed hydra bites you!
* * * LOW HITPOINT WARNING * * *
You block the ten-headed hydra's attack.
Okay, then.
You feel much better.
The ten-headed hydra bites you but does no damage.
The ten-headed hydra bites you!
* * * LOW HITPOINT WARNING * * *
The ten-headed hydra bites you!
* * * LOW HITPOINT WARNING * * *
The ten-headed hydra bites you but does no damage.
You block the ten-headed hydra's attack.
The ten-headed hydra closely misses you.
The ten-headed hydra bites you.
You die...

.##.................
#.................
#.................
###....P##'##.......
#......###.####.....
#.##....# #'##
#..... #....# #..#
..... #....# #..#
..... #@...# #..#
..... ......D....#
#### .....
......>....# .....
...........# .....
............. .....
.............. .....
.....####.####.
##### ..... ##


You could see a ten-headed hydra.

Vanquished Creatures
  Fannar (Lair:1)
  A cyclops (D:7)
  A manticore (D:7)
  An unseen horror (D:7)
  A rime drake (Lair:1)
  A kobold demonologist (D:10)
  A komodo dragon (Lair:1)
  A troll (D:8)
  A shadow (D:9)
  A wyvern (D:10)
  Grum (D:9)
  9 yaks
  A steam dragon (D:8)
  2 acid dragons
  3 water moccasins
  4 black bears
  2 sky beasts (D:7)
  An ice beast (D:7)
  3 centaurs
  2 ogres
  4 wolves (D:8)
  A kobold brigand (D:8)
  3 bullfrogs
  2 gnoll sergeants
  2 scorpions
  5 wights
  A killer bee (D:7)
  4 howler monkeys
  A crimson imp (D:5)
  A quasit (D:7)
  A gnoll bouda (D:5)
  3 orc priests
  2 jellies
  4 iguanas
  A sleepcap (D:4)
  4 orc wizards
  12 gnolls
  4 adders
  A bombardier beetle (D:4)
  2 shadow imps
  4 white imps
  2 ufetubi (D:7)
  A dart slug (D:2)
  30 orcs
  8 ball pythons
  11 endoplasms
  A giant cockroach (D:2)
  9 goblins
  12 hobgoblins
  3 jackals
  5 quokkas
  7 bats
  A frilled lizard (D:1)
  15 kobolds
  7 rats
212 creatures vanquished.

Notes
Turn   | Place    | Note
-------+----------+-------------------------------------------
     0 | D:1      | gohu the Troll Fighter began the quest for the Orb.
     0 | D:1      | Reached XP level 1. HP: 22/22 MP: 0/0
   220 | D:1      | Reached XP level 2. HP: 29/29 MP: 1/1
   299 | D:1      | You fall into a shaft and drop 1 floor!
   736 | D:1      | Reached XP level 3. HP: 36/36 MP: 2/2
  1225 | D:2      | Reached skill level 3 in Unarmed Combat
  1597 | D:2      | Reached XP level 4. HP: 44/44 MP: 3/3
  1738 | D:3      | Found a hide-covered altar of Uskayaw.
  1740 | D:3      | Found an ornate altar of the Wu Jian Council.
  1814 | D:3      | Found a runed translucent door.
  1815 | D:3      | Noticed Crazy Yiuf
  1842 | D:3      | Found a white marble altar of Elyvilon.
  1855 | D:3      | Became a worshipper of Elyvilon the Healer
  1988 | D:3      | Found a faded altar of an unknown god.
  2303 | D:5      | Entered Level 5 of the Dungeon
  2308 | D:5      | Reached skill level 4 in Unarmed Combat
  2382 | D:4      | Reached XP level 5. HP: 50/50 MP: 4/4
  2419 | D:4      | Reached * piety under Elyvilon
  2454 | D:4      | Reached skill level 5 in Unarmed Combat
  2929 | D:5      | Noticed a black bear
  2929 | D:5      | Noticed a water moccasin
  2930 | D:5      | Noticed a centaur
  2989 | D:5      | Found a staircase to the Ecumenical Temple.
  3009 | D:5      | Reached XP level 6. HP: 54/59 MP: 5/5
  3130 | D:5      | Reached skill level 6 in Unarmed Combat
  3146 | D:5      | Reached XP level 7. HP: 50/66 MP: 6/6
  3160 | D:5      | Reached skill level 7 in Unarmed Combat
  3372 | Temple   | Entered the Ecumenical Temple
  3696 | D:6      | Reached skill level 8 in Unarmed Combat
  3703 | D:6      | Reached ** piety under Elyvilon
  3915 | D:6      | Reached XP level 8. HP: 74/75 MP: 7/7
  4440 | D:8      | Reached *** piety under Elyvilon
  4536 | D:7      | Noticed a cyclops
  4664 | D:7      | Killed a cyclops
  4665 | D:7      | Reached skill level 1 in Throwing
  4665 | D:7      | Reached skill level 9 in Unarmed Combat
  5123 | D:7      | Reached skill level 10 in Unarmed Combat
  5157 | D:7      | Reached skill level 5 in Shields
  5169 | D:7      | Noticed a manticore
  5175 | D:7      | Killed a manticore
  5176 | D:7      | Reached XP level 9. HP: 26/83 MP: 8/8
  5285 | D:7      | Killed an unseen horror
  5286 | D:7      | Reached skill level 11 in Unarmed Combat
  5534 | D:8      | Reached skill level 12 in Unarmed Combat
  5653 | D:8      | Reached XP level 10. HP: 81/92 MP: 9/9
  5799 | D:8      | Reached **** piety under Elyvilon
  6150 | D:9      | Noticed Grum
  6216 | D:9      | Killed Grum
  6249 | D:9      | Noticed Joseph
  6390 | D:9      | Reached skill level 1 in Armour
  6418 | D:10     | Entered Level 10 of the Dungeon
  6634 | D:9      | Found a staircase to the Lair.
  6891 | Lair:1   | Entered Level 1 of the Lair of Beasts
  6891 | Lair:1   | Noticed Fannar
  6961 | D:10     | Reached ***** piety under Elyvilon
  6971 | D:10     | Noticed a two-headed ogre
  7033 | D:10     | Reached skill level 1 in Invocations
  7262 | D:11     | Noticed a manticore
  7294 | D:10     | Found a shadowy altar of Dithmenos.
  7358 | D:10     | Found an opulent altar of Gozag.
  7765 | Lair:1   | Killed Fannar
  7802 | Lair:1   | Reached XP level 11. HP: 54/101 MP: 11/11
  7979 | Lair:1   | Noticed a five-headed hydra
  7989 | Lair:1   | HP: 1/101 [ten-headed hydra (10)]
  7989 | Lair:1   | Slain by a ten-headed hydra

Illustrated notes

Levels and vault maps discovered:
D:1:      dpeg_arrival_central, layout_basic
D:2:      layout_rooms, hangedman_feature_mirror
D:3:      layout_basic, mainiacjoe_overflow_concentric_impassable,
          jmf_multi_god_temple, hellmonk_ecumenical_altar_arch_garden,
          dk_noncrumbling_3, uniq_crazy_yiuf_cottage
D:4:      layout_basic
D:5:      layout_rooms, temple_statues, minmay_crystal_water,
          minmay_fire_ice_demons
D:6:      layout_gridville, serial_rivers, chequers_serial_rivers_room_a,
          chequers_serial_rivers_micro_c, chequers_serial_rivers_large_a,
          chequers_serial_rivers_micro_e
D:7:      kennysheep_windowed_halls, layout_basic, serial_demonic,
          serial_demonic_b, serial_demonic_g, serial_demonic_e,
          serial_demonic_c, serial_demonic_c, serial_demonic_g,
          serial_demonic_d, serial_bayou_pond_a
D:8:      layout_basic
D:9:      layout_cave_pools, lair_entry_dummy, uniq_joseph, uniq_grum
D:10:     layout_cave_pods, lemuel_doored_altar, nicolae_overflow_crystal_walls,
          grunt_gozag_breadcrumbs
D:11:     layout_roguey, orc_0_dummy, minmay_misc_feat_four_crosses
Temple:   nicolae_temple_x_marks_the_god
Lair:1:   wad_woods_04, layout_regular_city, serial_bayou_shore_b,
          lemuel_fruit_tree, uniq_amaemon, uniq_fannar

Skill      XL: |  1  2  3  4  5  6  7  8  9 10 |
---------------+-------------------------------+-----
Shields        | 3 4 5 7 |  7.1
Unarmed Combat | 3 4 5 6 8 10 12 | 12.7
Fighting       | 3 4 |  4.6
Throwing       | 1 4 |  4.8
Armour         | 3 |  3.7
Invocations    | 2 |  2.3
Ranged Weapons | |  0.1
Dodging        | |  2.6

Action                     |  1- 3 |  4- 6 |  7- 9 | 10-12 || total
---------------------------+-------+-------+-------+-------++-------
  Melee: Unarmed           |   121 |   134 |   189 |   169 ||   613
   Fire: Sling             |     7 |       |       |       ||     7
  Throw: Stone             |    13 |       |    27 |       ||    40
         Dart              |     1 |       |       |       ||     1
         Large rock        |       |       |     4 |       ||     4
         Boomerang         |       |       |     4 |    37 ||    41
  Evoke: Wand              |       |       |       |     1 ||     1
    Use: Scroll            |       |       |     7 |       ||     7
         Potion            |       |       |       |     3 ||     3
   Stab: Sleeping          |     1 |     1 |       |       ||     2
         Invisible         |       |       |       |     2 ||     2
 Armour: Robe              |    57 |    62 |   114 |       ||   233
         Acid dragon scale |       |       |     7 |   206 ||   213
  Dodge: Dodged            |    46 |    67 |    57 |    82 ||   252
  Block: Kite shield       |    47 |    52 |    63 |   109 ||   271
   Form: Beast             |     1 |       |       |       ||     1
                           |       |     1 |       |       ||     1

Table legend: (Time is in decaauts)
 A = Elapsed time spent in this place.
 B = Non-inter-level travel time spent in this place.
 C = Inter-level travel time spent in this place.
 D = Time resting spent in this place.
 E = Time spent auto-exploring this place.
 F = Levels seen in this place.
 G = Mean time per level.
                   A        B        C        D        E       F      G
               +--------+--------+--------+--------+--------+-----+--------+
         Total |   8003 |   7410 |    593 |     18 |   5185 |  13 |  615.6 |
       Dungeon |   7763 |   7175 |    588 |      8 |   5027 |  11 |  705.7 |
        Temple |      1 |      1 |      0 |      0 |      0 |   1 |    1.0 |
          Lair |    237 |    233 |      4 |     10 |    158 |   1 |  237.0 |
               +--------+--------+--------+--------+--------+-----+--------+

Top non-repeatable levels by time:
     D:1: 1067 daAuts
     D:7: 1022 daAuts
     D:8: 919 daAuts
     D:6: 814 daAuts
     D:4: 734 daAuts
    D:10: 707 daAuts
     D:5: 647 daAuts
     D:3: 628 daAuts
     D:9: 613 daAuts
     D:2: 572 daAuts
  Lair:1: 237 daAuts
    D:11: 35 daAuts
  Temple: 1 daAuts
